 Dungeon Crawl Stone Soup version 0.29.0-11-gd7f09526c8 (webtiles) character file.

Game seed: 18366258115230557877

83 Bartlander the Cudgeller (level 4, -1/38 HPs)
             Began as a Draconian Cinder Acolyte on Sept 5, 2022.
             Was a High Priest of Ignis.
             Killed from afar by a white imp (2 damage)
             ... with a puff of frost
             ... summoned by Natasha
             ... on level 2 of the Dungeon.
             The game lasted 00:05:46 (2200 turns).

Bartlander the Cudgeller (Draconian Cinder Acolyte) Turns: 2200, Time: 00:05:47

Health: -1/38      AC:  7    Str: 16    XL:     4   Next: 22%
Magic:  5/5        EV: 11    Int: 17    God:    Ignis [*****.]
Gold:   66         SH:  0    Dex:  6    Spells: 5/5 levels left

rFire   + . .      SeeInvis .   g - +1 whip (flame)
rCold   . . .      Faith    .   (no shield)
rNeg    . . .      Spirit   .   (body armour unavailable)
rPois   .          Reflect  .   (helmet restricted)
rElec   .          Harm     .   o - +1 cloak
rCorr   .          Rampage  .   (no gloves)
Will    .....                   (no boots)
Stlth   +.........              (no amulet)
HPRegen 0.12/turn               (no ring)
MPRegen 0.09/turn               (no ring)

@: slowed, very slow
A: AC +5, unfitting armour, cold-blooded
a: Renounce Religion, Fiery Armour, Foxfire Swarm, Rising Flame


You were on level 2 of the Dungeon.
You worshipped Ignis.
Ignis was extremely pleased with you.
You visited 1 branch of the dungeon, and saw 2 of its levels.

You collected 66 gold pieces.

Inventory:

Hand Weapons
 a - a -1 spear of flaming
 g - a +1 whip of flaming (weapon)
Armour
 o - a +1 cloak (worn)
Jewellery
 d - a ring of protection from cold
Wands
 b - a wand of flame (1)
Scrolls
 e - a scroll of poison {unknown}
Potions
 c - a potion of resistance {unknown}
 h - a potion of berserk rage {unknown}
 i - a potion of mutation
 j - 2 potions of degeneration {unknown}
 l - a potion of curing
 m - a potion of flight {unknown}
 n - a potion of lignification {unknown}
 q - a potion of attraction {unknown}


   Skills:
 - Level 3.4 Fighting
 + Level 3.5 Maces & Flails
 - Level 3.1 Polearms
 - Level 1.2 Spellcasting
 - Level 3.1 Fire Magic


You had 5 spell levels left.
You didn't know any spells.
Your spell library contained the following spells:

 Spells                   Type           Power      Damage    Failure   Level
 Scorch                   Fire           22%        2d6       9%          2


Dungeon Overview and Level Annotations

Branches:
Dungeon (2/15)

Altars:

Shops:
D:2 [

Annotations:
D:2 Natasha


Innate Abilities, Weirdness & Mutations

Your plain brown scales are hard. (AC +5)
You cannot fit into any form of body armour.
You are cold-blooded and may be slowed by cold attacks.


Message History

You feel better. The white imp barely misses you. Natasha claws you.
The white imp closely misses you.
You hit Natasha but do no damage.
Natasha is severely wounded.
Natasha claws you.
The white imp hits you but does no damage.
Natasha barely misses you.
You closely miss Natasha.
Natasha is severely wounded.
The white imp gestures at you. The puff of frost hits you!
* * * LOW HITPOINT WARNING * * *
Natasha closely misses you.
You barely miss Natasha.
Natasha is severely wounded.
The white imp hits you but does no damage.
Natasha barely misses you. The white imp barely misses you.
Natasha casts a spell.
You closely miss Natasha.
Natasha is severely wounded.
The white imp hits you.
* * * LOW HITPOINT WARNING * * *
The white imp freezes you.
* * * LOW HITPOINT WARNING * * *
Natasha claws you.
* * * LOW HITPOINT WARNING * * *
You barely miss Natasha.
Natasha is severely wounded.
The white imp closely misses you. Natasha misses you.
The white imp hits you but does no damage.
Natasha barely misses you.
You hit Natasha. You burn Natasha.
Natasha is almost dead.
The white imp hits you but does no damage.
Natasha barely misses you.
You hit Natasha but do no damage.
Natasha is almost dead.
The white imp gestures at you. The puff of frost hits you.
You die...

# .# .# #### ###.#
...#############...#
.........>........>#
...#############.#.#
####.......# #.#.# #
#.......### #@# # ##
#.........# #5h5.....
.# #.......#.#
#........
.########.##.#
#.!......
.............#
########.
.<#######.##### §§§§≈§#
.########.....#≈##§##≈#
.............##≈#.#[#§#
.########.##..#≈.#§#§§#


You could see Natasha, a crimson imp (summoned) and a white imp (summoned).

Vanquished Creatures
  3 adders (D:2)
  2 worms (D:2)
  2 dart slugs
  8 bats
  4 endoplasms (D:1)
  4 hobgoblins
  5 jackals
  4 kobolds
  A quokka (D:1)
  3 ball pythons
  2 frilled lizards (D:1)
  4 goblins
  4 rats
46 creatures vanquished.

Notes
Turn   | Place    | Note
-------+----------+-------------------------------------------
     0 | D:1      | Bartlander the Draconian Cinder Acolyte began the quest for
                  | the Orb.
     0 | D:1      | Reached XP level 1. HP: 19/19 MP: 2/2
   166 | D:1      | Reached XP level 2. HP: 26/26 MP: 3/3
   180 | D:1      | Reached skill level 1 in Maces & Flails
   863 | D:1      | Found a faded altar of an unknown god.
   890 | D:1      | Reached XP level 3. HP: 30/31 MP: 4/4
  1709 | D:2      | Found Masem's Antique Armour Shop.
  1716 | D:2      | Reached XP level 4. HP: 38/38 MP: 5/5
  2179 | D:2      | Noticed Natasha
  2197 | D:2      | HP: 1/38 [Natasha (3)]
  2200 | D:2      | Killed from afar by a white imp

Illustrated notes

Levels and vault maps discovered:
D:1:      dpeg_arrival_stonehenge_8_columns, layout_basic,
          basic_ecumenical_altar
D:2:      mumra_celtic_spiral_tile, layout_basic, serial_shops,
          nicolae_shop_advertising_works [nicolae_subvault_shop_adworks],
          kennysheep_generic_room_9, uniq_natasha

Skill      XL: |  1  2  3 |
---------------+----------+-----
Maces & Flails | 2 3 |  3.5
Fighting       | |  3.4
Polearms       | |  3.1
Spellcasting   | |  1.2
Fire Magic     | |  3.1

Action                   |  1- 3 |  4- 6 || total
-------------------------+-------+-------++-------
Melee: Spear             |    13 |       ||    13
       Whip              |   127 |    45 ||   172
       Tailslap          |     9 |     4 ||    13
  Use: Scroll            |     8 |       ||     8
       Potion            |       |     1 ||     1
Armor: Skin              |    43 |    17 ||    60
Dodge: Dodged            |    70 |    27 ||    97
